AoeStats
← uli2099

MegaRandom

510065603Analyzed
2v2 RM · 4d ago on Sep 29, 2026· 23m 57s· 4 players
Game mode
Random Map
Map size
Medium (4 player)
Population
200
Speed
Normal
Resources
Standard
Victory
Conquest
Starting age
Dark Age
Ending age
Imperial Age
RankedLock teamsTeams togetherTeam positionsShared explorationLock speedFull tech treeHidden civsTurbo modeCheats
Victory
Defeat
🇳🇱 Franks · Netherlands
1406
+13
🇪🇸 Varangians · Spain
1341
+16
🇩🇪 Khmer · Germany
1369
-16
🇩🇪 Malay · Germany
1304
-13
Not for Me4408
8:30 Loom
10:53 Feudal Age
15:01 Castle Age
13:23 Double-Bit Axe
14:59 Bloodlines
18:29 Scale Barding Armor
18:34 Horse Collar
20:04 Husbandry
20:48 Heavy Plow
22:50 Forging
Lindy
9:36 Loom
11:25 Feudal Age
12:44 Double-Bit Axe
17:30 Castle Age
15:28 Gold Mining
16:12 Forging
16:44 Scale Barding Armor
23:26 Wheelbarrow
23:40 Husbandry
uli2099
3:36 Loom
11:42 Feudal Age
12:33 Double-Bit Axe
14:20 Horse Collar
16:14 Forging
20:23 Castle Age
18:21 Gold Mining
22:06 Bow Saw
22:01 Scale Mail Armor
22:53 Bloodlines
22:58 Pikeman
23:52 Husbandry
berta
7:09 Loom
9:58 Feudal Age
9:45 Double-Bit Axe
11:40 Horse Collar
19:46 Castle Age
19:27 Gold Mining
20:25 Scale Barding Armor
21:52 Husbandry
Connection lost

Rejoining the realm…

Still unreachable

The connection could not be restored.

Session expired

The server has moved on; the page needs a fresh start.